 Dungeon Crawl Stone Soup version 0.22-a0-422-g9628fc8 (webtiles) character file.

55498 Borgoz the Nimble (level 14, -3/136 HPs)
             Began as a Gargoyle Abyssal Knight on May 18, 2018.
             Was the Champion of Lugonu.
             Slain by a komodo dragon (16 damage)
             ... on level 6 of the Lair of Beasts.
             The game lasted 00:58:21 (27789 turns).

Borgoz the Nimble (Gargoyle Abyssal Knight)        Turns: 27789, Time: 00:58:22

Health: -3/136     AC: 27    Str: 17    XL:     14   Next: 77%
Magic:  19/22      EV:  2    Int: 13    God:    Lugonu [******]
Gold:   2223       SH:  0    Dex: 13    Spells: 10/13 levels left

rFire    . . .     SeeInvis +   a - +10 flail of the Ecumenical Temple {freeze, rPois rC+ MR+}
rCold    + . .     Gourm    +   (no shield)
rNeg     + + +     Faith    .   (armour currently unavailable)
rPois    ∞         Spirit   .   (helmet currently unavailable)
rElec    .         Reflect  .   (cloak currently unavailable)
rCorr    +         Harm     .   (gloves currently unavailable)
MR       ++...     NoTele   +   (boots currently unavailable)
Stlth    +.........             s - amulet of the gourmand
HPRegen  0.32/turn              M - ring of see invisible
MPRegen  0.18/turn              y - ring of resist corrosion

@: tree-form, very slow
A: negative energy resistance 1, petrification resistance, rot immunity, AC +10
a: Depart the Abyss, Bend Space, Banish, Corrupt, Enter the Abyss, Brand Weapon
With Distortion, Renounce Religion


You were on level 6 of the Lair of Beasts.
You worshipped Lugonu.
Lugonu was exalted by your worship.
You were completely stuffed.
You were a tree.
You visited 4 branches of the dungeon, and saw 22 of its levels.
You visited the Abyss 1 time.
You also visited: Labyrinth and Volcano.

You collected 2268 gold pieces.
You spent 45 gold pieces at shops.

Inventory:

Hand Weapons
 a - the +10 flail of the Ecumenical Temple (weapon) {freeze, rPois rC+ MR+}
   (You found it on level 2 of the Lair of Beasts)

   It has been specially enchanted to freeze those struck by it, causing extra
   injury to most foes and up to half again as much damage against particularly
   susceptible opponents.
   It can also slow down cold-blooded creatures.
   It protects you from cold.
   It protects you from poison.
   It affects your resistance to hostile enchantments.
 b - the +1 war axe of Hiseajo {chop, +Inv Int+2}
   (You found it on level 12 of the Dungeon)

   It inflicts extra damage upon your enemies.
   It affects your intelligence (+2).
   It lets you turn invisible.
 H - the +7 war axe "Sucieg" {elec, *Slow rElec Int+7}
   (You found it on level 6 of the Lair of Beasts)

   Occasionally, upon striking a foe, it will discharge some electrical energy
   and cause terrible harm.
   It affects your intelligence (+7).
   It insulates you from electricity.
   It may slow you when you take damage.
Missiles
 J - 5 throwing nets (quivered)
Armour
 m - a +4 scale mail of cold resistance (melded)
 u - a +2 buckler
 A - a scarf of spirit shield (melded)
 R - a +4 ring mail of fire resistance
Jewellery
 s - an amulet of the gourmand (around neck)
 x - an uncursed ring of positive energy
 y - a ring of resist corrosion (right branch)
 L - an uncursed ring of ice
 M - a ring of see invisible (left branch)
Wands
 o - a wand of flame (122)
 p - a wand of scattershot (5)
 q - a wand of disintegration (46)
 w - a wand of acid (5)
 B - a wand of digging (7)
 F - a wand of enslavement (34)
 G - a wand of iceblast (41)
Scrolls
 f - 4 scrolls of enchant armour
 g - 5 scrolls of teleportation
 h - 10 scrolls of remove curse
 k - a scroll of noise {unknown}
 t - 6 scrolls of fog
 C - 2 scrolls of fear {unknown}
 E - 3 scrolls of magic mapping
 K - 4 scrolls of enchant weapon
 N - 3 scrolls of blinking
Potions
 d - 5 potions of lignification
 e - a potion of brilliance
 i - 12 potions of curing
 j - 2 potions of might
 l - 2 potions of invisibility
 n - 2 potions of berserk rage
 v - 2 potions of cancellation
 z - 3 potions of haste
 D - 3 potions of resistance
 I - 3 potions of agility
Comestibles
 c - 23 rations
 r - 7 chunks of flesh


   Skills:
 + Level 11.8 Fighting
 + Level 10.7 Maces & Flails
 + Level 11.6 Armour
 * Level 12.4 Dodging
 + Level 11.5 Invocations
 - Level 1.3 Evocations


You had 10 spell levels left.
You knew the following spells:

 Your Spells              Type           Power        Failure   Level  Hunger
a - Regeneration          Chrm/Necr      #.........   67%         3    ####...

Your spell library contained the following spells:

 Spells                   Type           Power        Failure   Level  Hunger
 Magic Dart               Conj           #...         30%         1    ##.....
 Conjure Flame            Conj/Fire      #.......     67%         3    ####...
 Slow                     Hex            #.......     43%         2    ###....
 Throw Frost              Conj/Ice       #.....       43%         2    ###....
 Freezing Cloud           Conj/Ice/Air   #.........   100%        6    #######
 Mephitic Cloud           Conj/Pois/Air  #.......     67%         3    ####...
 Ring of Flames           Chrm/Fire      #.........   100%        7    #######
 Bolt of Draining         Conj/Necr      #.........   100%        5    ######.
 Blink                    Tloc           N/A          43%         2    ###....
 Animate Dead             Necr           N/A          97%         4    #####..
 Pain                     Necr           #...         30%         1    ##.....
 Animate Skeleton         Necr           N/A          30%         1    ##.....
 Vampiric Draining        Necr           #.........   67%         3    ####...
 Call Imp                 Summ           #.......     43%         2    ###....
 Sting                    Conj/Pois      #...         30%         1    ##.....
 Spider Form              Tmut/Pois      #.........   67%         3    ####...
 Blade Hands              Tmut           #.........   100%        5    ######.
 Ice Form                 Ice/Tmut       #.......     97%         4    #####..
 Flame Tongue             Conj/Fire      #....        30%         1    ##.....
 Sticks to Snakes         Tmut           #.......     43%         2    ###....
 Shroud of Golubria       Chrm/Tloc      #.........   43%         2    ###....
 Beastly Appendage        Tmut           #.....       30%         1    ##.....
 Infusion                 Chrm           #...         30%         1    ##.....
 Song of Slaying          Chrm           #.......     43%         2    ###....
 Spectral Weapon          Hex/Chrm       #.......     67%         3    ####...
 Irradiate                Conj/Tmut      #.........   100%        5    ######.
 Poisonous Vapours        Pois/Air       #.....       43%         2    ###....


Dungeon Overview and Level Annotations

Branches:
Dungeon (13/15)            Temple (1/1) D:5            Lair (6/6) D:9
 Shoals (0/4) Lair:3        Snake (0/4) Lair:3        Slime (0/5) Lair:5
    Orc (2/2) D:9             Elf (0/3) Orc:2
 Vaults: D:13-14

Altars:
Ashenzari
Cheibriados
Dithmenos
Elyvilon
Fedhas
Gozag
Hepliaklqana
Kikubaaqudgha
Makhleb
Nemelex Xobeh
Okawaru
Qazlal
Ru
Sif Muna
Trog
Uskayaw
Vehumet
Wu Jian
Xom
Yredelemnul
Zin
The Shining One
Beogh

Shops:
D:5 *(   D:7 =}((}   D:10 *   Orc:2 (=*[


Innate Abilities, Weirdness & Mutations

You are resistant to torment.
((Your stone body is resilient. (AC +10)))
You are immune to poison.
((Your large and strong wings let you fly indefinitely.))
You resist negative energy. (rN+)
((You are resistant to electric shocks. (rElec)))
((You can survive without breathing.))
You are immune to petrification.
You are immune to rotting.


Message History

The wyvern bites you but does no damage.
The komodo dragon bites you. The water moccasin bites you.
You sock the water moccasin! You freeze the water moccasin.
You kill the water moccasin!
Lugonu accepts your kill.
The wyvern bites you but does no damage.
The komodo dragon bites you but does no damage. x2
You hit the wyvern. You freeze the wyvern.
The wyvern is moderately wounded.
The wyvern bites you! The komodo dragon bites you. The wyvern bites you!
* * * LOW HITPOINT WARNING * * *
The komodo dragon bites you!
* * * LOW HITPOINT WARNING * * *
You barely miss the wyvern.
The wyvern is moderately wounded.
The wyvern bites you but does no damage.
The komodo dragon bites you!
* * * LOW HITPOINT WARNING * * *
The komodo dragon bites you!
You die... .PP.≈##≈#.≈≈≈≈≈≈≈≈P≈≈≈# #.≈PPPPP .PP..##≈≈.P≈#≈≈≈≈(≈P≈P# ##.P≈≈≈P ....≈≈≈≈≈.≈#P≈[!([≈≈≈≈# ≈≈≈P≈≈≈P .P..≈≈≈≈≈#P≈≈≈≈≈≈≈≈≈≈≈# ≈≈.P≈≈≈P PP..≈##≈≈#≈≈≈P≈≈≈≈≈≈≈≈# ##≈P≈≈≈P .#.. #≈≈#.≈≈≈≈≈P≈≈≈≈.# #.PPPPP

#..
≈≈≈######.#.#####
..
P≈≈≈#8≈≈≈≈≈≈l≈≈≈P#
.#.≈≈#≈≈≈≈≈#♣#≈≈≈≈#
#P≈≈≈≈≈ll≈≈≈≈#
##≈≈≈.≈≈#≈≈≈.#
≈≈≈≈≈≈≈≈≈≈≈≈≈≈≈
≈##≈≈##≈≈. ≈≈##≈
#≈≈ .≈≈##≈≈# P.≈
.≈≈≈ ≈≈ .# .....
...


You could see 2 komodo dragons and a wyvern.

Vanquished Creatures
  A minotaur (Lab)
  A red draconian (Volcano)
  Fannar (D:12)
  Harold (Lair:4)
  4 hydras
  5 two-headed ogres
  An ogre mage (Volcano)
  A centaur warrior (D:12)
  A merfolk avatar (Lair:6)
  3 orc high priests
  The ghost of Anon1729 the Magician, a novice GnFE of Vehumet (D:9)
  Pikel (D:5)
  A lindwurm (Lair:5)
  An orc sorcerer (Orc:2)
  An oklob plant (Lair:5)
  3 orc knights
  An ugly thing (D:11)
  A centaur zombie (D:11)
  5 elephants
  A black mamba (Lair:1)
  A black mamba (shapeshifter) (D:12)
  9 komodo dragons
  9 spiny frogs
  2 rime drakes
  7 trolls
  5 polar bears
  A hornet (Lair:6)
  Prince Ribbit (D:5)
  Grinder (D:2)
  8 hippogriffs
  A shadow (D:11)
  5 wyverns
  Sigmund (D:3)
  50 yaks
  The ghost of SaraSensei the Grasshopper, an amateur GnWr (D:4)
  2 hungry ghosts
  2 steam dragons
  A vampire mosquito (D:12)
  3 basilisks
  4 nagas (Lair:3)
  9 wargs
  Duvessa (D:5)
  14 water moccasins
  2 porcupines
  29 orc warriors
  2 sky beasts
  4 ice beasts
  2 black bears
  A slave (D:5)
  A phantom (D:7)
  A necrophage (D:12)
  13 ogres
  8 wolves
  8 centaurs
  4 big kobolds
  12 crocodiles
  9 bullfrogs
  2 gnoll sergeants
  Dowan (D:5)
  3 scorpions
  11 killer bees
  21 wights
  4 howler monkeys
  2 electric eels (Lair:2)
  6 crimson imps
  A bullfrog zombie (D:11)
  2 bullfrog skeletons (D:11)
  8 orc priests
  A quasit (D:10)
  2 centaur skeletons
  6 hounds
  2 jellies
  Jessica (D:2)
  Ijyb (D:3)
  Terence (D:2)
  14 orc wizards
  A hell rat (Lair:4)
  10 worker ants
  12 gnolls
  2 worker ant zombies
  15 adders
  A shadow imp (D:11)
  3 oozes
  4 dart slugs
  3 worms
  4 leopard geckos
  62 orcs
  9 bats
  7 giant cockroaches
  6 goblins
  8 hobgoblins
  6 jackals
  2 quokkas (D:2)
  6 ball pythons
  A ball python skeleton (D:4)
  4 frilled lizards
  8 kobolds
  A leopard gecko skeleton (D:7)
  6 rats
  A fungus (D:9)
540 creatures vanquished.

Vanquished Creatures (others)
  An orc warlord (Orc:1)
  2 two-headed ogres (Volcano)
  2 orc knights
  An ugly thing (D:11)
  A centaur skeleton (D:12)
  2 orc warriors (Orc:1)
  An orc (Orc:1)
  9 fungi
  3 plants (Lair:6)
  5 toadstools (D:1)
27 creatures vanquished.

Grand Total: 567 creatures vanquished

Notes
Turn   | Place    | Note
-------+----------+-------------------------------------------
     0 | Abyss:1  | Borgoz the Gargoyle Abyssal Knight began the quest for the Orb.
     0 | Abyss:1  | Reached XP level 1. HP: 14/14 MP: 2/2
    42 | Abyss:1  | Noticed an ancient zyme
    43 | D:1      | Escaped the Abyss
   123 | D:1      | Reached skill level 1 in Dodging
   129 | D:1      | Reached XP level 2. HP: 14/19 MP: 3/3
   144 | D:1      | Reached * piety under Lugonu
   833 | D:1      | Reached XP level 3. HP: 18/23 MP: 4/4
   922 | D:2      | Noticed Jessica
  1307 | D:2      | Killed Jessica
  1307 | D:2      | Reached skill level 2 in Dodging
  1307 | D:2      | Reached XP level 4. HP: 23/29 MP: 5/5
  1319 | D:2      | Reached ** piety under Lugonu
  1343 | D:2      | Found a sacrificial altar of Ru.
  1422 | D:2      | Reached XP level 5. HP: 21/33 MP: 7/7
  1557 | D:2      | Found an ornate altar of the Wu Jian Council.
  1864 | D:2      | Found an ancient bone altar of Kikubaaqudgha.
  2011 | D:2      | Noticed Terence
  2034 | D:2      | Killed Terence
  2102 | D:2      | Found a glowing golden altar of the Shining One.
  2313 | D:3      | Noticed Sigmund
  2342 | D:2      | Reached XP level 6. HP: 31/38 MP: 8/8
  2409 | D:3      | Noticed Grinder
  2409 | D:3      | Noticed Ijyb
  2425 | D:2      | Paralysed by Grinder for 6 turns
  2435 | D:2      | Paralysed by Grinder for 6 turns
  2447 | D:2      | Paralysed by Grinder for 4 turns
  2542 | D:2      | Paralysed by Grinder for 2 turns
  2548 | D:2      | Paralysed by Grinder for 6 turns
  2556 | D:2      | Paralysed by Grinder for 6 turns
  2567 | D:2      | Killed Grinder
  2567 | D:2      | Reached skill level 3 in Dodging
  2843 | D:3      | Killed Sigmund
  2843 | D:3      | Reached XP level 7. HP: 44/44 MP: 9/9
  2885 | D:3      | Killed Ijyb
  2926 | D:3      | Found an opulent altar of Gozag.
  2926 | D:3      | Found a basalt altar of Yredelemnul.
  3039 | D:3      | Found a bloodstained altar of Trog.
  3039 | D:3      | Found an iron altar of Okawaru.
  3147 | D:3      | Found a white marble altar of Elyvilon.
  3170 | D:3      | Found a white marble altar of Elyvilon.
  3342 | D:3      | Reached *** piety under Lugonu
  3626 | D:4      | Reached skill level 4 in Dodging
  3701 | D:4      | Noticed SaraSensei's ghost (amateur GnWr)
  3706 | D:5      | Entered Level 5 of the Dungeon
  3727 | D:5      | Noticed Pikel
  3757 | D:5      | Paralysed by Pikel for 4 turns
  3766 | D:5      | Paralysed by Pikel for 4 turns
  3771 | D:5      | Paralysed by Pikel for 7 turns
  3790 | D:5      | Killed Pikel
  3790 | D:5      | Reached skill level 5 in Fighting
  3790 | D:5      | Reached XP level 8. HP: 13/49 MP: 9/11
  4051 | D:5      | Found Bouppoci's Antique Weapon Shop.
  4086 | D:5      | Noticed Prince Ribbit
  4245 | D:5      | Reached skill level 5 in Armour
  4272 | D:5      | Found a blossoming altar of Fedhas.
  4304 | D:5      | Found Qonaun's Serpentskin Sales.
  4315 | D:5      | Reached skill level 5 in Dodging
  4367 | D:5      | Reached skill level 5 in Invocations
  4396 | D:5      | Noticed Dowan
  4396 | D:5      | Noticed Duvessa
  4411 | D:5      | Killed Duvessa
  4411 | D:5      | Reached XP level 9. HP: 40/55 MP: 12/12
  4412 | D:5      | Killed Dowan
  4460 | D:4      | Reached skill level 5 in Maces & Flails
  4543 | D:5      | Found a staircase to the Ecumenical Temple.
  4655 | D:5      | Killed Prince Ribbit
  5123 | D:4      | Killed SaraSensei's ghost
  5954 | Temple   | Entered the Ecumenical Temple
  6053 | D:6      | Found a hide-covered altar of Uskayaw.
  6053 | D:6      | Noticed a dagger
  6053 | D:6      | Noticed a hand axe
  6061 | D:6      | Reached skill level 6 in Dodging
  6671 | D:6      | Found a snail-covered altar of Cheibriados.
  6860 | D:7      | Found Dokk's Weapon Shop.
  6926 | D:7      | Found Rumnykust's Gadget Emporium.
  6991 | D:7      | Found Ciutom's Weapon Shoppe.
  7019 | D:7      | Found Ishaug's Gadget Emporium.
  7029 | D:7      | Reached **** piety under Lugonu
  7099 | D:7      | Found Ratogoof's Jewellery Emporium.
  7408 | D:7      | Reached XP level 10. HP: 34/61 MP: 10/14
  8272 | D:8      | Reached skill level 7 in Dodging
  8925 | D:9      | Found a staircase to the Lair.
  8956 | D:9      | Got a blackened ring mail
  8967 | D:9      | Identified the +1 ring mail "Recesmod" {MR- Str+6} (You found it on level 9 of the Dungeon)
  9042 | D:9      | Noticed Anon1729's ghost (novice GnFE)
  9077 | D:9      | Killed Anon1729's ghost
  9415 | D:9      | Found a staircase to the Orcish Mines.
 11026 | D:10     | Entered Level 10 of the Dungeon
 11096 | Lair:1   | Entered Level 1 of the Lair of Beasts
 11108 | Lair:1   | Noticed a spiny frog
 11127 | Lair:1   | Killed a spiny frog
 11160 | Lair:1   | Noticed a spiny frog
 11178 | Lair:1   | Killed a spiny frog
 11178 | Lair:1   | Reached skill level 8 in Dodging
 11220 | Lair:1   | Reached ***** piety under Lugonu
 11274 | Lair:1   | Reached XP level 11. HP: 50/68 MP: 10/16
 12210 | D:10     | Found Ovaucis's Assorted Antiques.
 12442 | D:10     | Paralysed by fainting for 8 turns
 14312 | D:11     | Reached skill level 9 in Dodging
 14584 | D:12     | Noticed a two-headed ogre
 14615 | D:12     | Killed a two-headed ogre
 15497 | D:11     | Noticed a red ugly thing
 15500 | D:11     | Noticed a brown ugly thing
 15505 | D:11     | Banished a red ugly thing
 15505 | D:11     | Reached XP level 12. HP: 76/76 MP: 18/18
 16253 | D:12     | Noticed Fannar
 16452 | D:12     | Killed Fannar
 16991 | D:12     | Got a translucent war axe
 16992 | D:12     | Identified the cursed +1 war axe of Hiseajo {chop, +Inv Int+2} (You found it on level 12 of the Dungeon)
 17146 | D:12     | Noticed a centaur warrior
 17156 | D:12     | Killed a centaur warrior
 17488 | D:12     | Reached skill level 10 in Dodging
 17753 | Orc:1    | Entered Level 1 of the Orcish Mines
 17999 | Orc:1    | Found a roughly hewn altar of Beogh.
 18449 | Orc:2    | Entered Level 2 of the Orcish Mines
 18547 | Orc:2    | Noticed an orc high priest
 18577 | Orc:1    | Reached skill level 1 in Evocations
 18906 | Orc:1    | Killed an orc high priest
 19012 | Orc:2    | Noticed an orc warlord
 19047 | Orc:1    | Banished an orc warlord
 19421 | Orc:1    | Paralysed by an orc sorcerer for 6 turns
 19434 | Orc:1    | Reached skill level 10 in Fighting
 19906 | Orc:2    | Found Bujifik's General Store.
 20461 | Orc:2    | Reached XP level 13. HP: 73/82 MP: 17/20
 20468 | Orc:2    | Found a staircase to the Elven Halls.
 20479 | Orc:2    | Paralysed by an orc sorcerer for 6 turns
 20648 | Orc:2    | Reached skill level 10 in Armour
 20994 | Orc:2    | Found Onigew's Jewellery Emporium.
 21076 | Orc:2    | Found Owoelin's Antique Weapon Shop.
 21219 | Orc:2    | Reached skill level 10 in Invocations
 21744 | Orc:2    | Paralysed by a chaos spawn for 5 turns
 22057 | Orc:2    | Bought a scroll of teleportation for 45 gold pieces
 22066 | Orc:2    | Found Ideuwnud's Antique Armour Shop.
 22684 | Lair:2   | Found a labyrinth entrance.
 22693 | Lab      | Entered a labyrinth
 22796 | Lab      | Noticed a minotaur
 22815 | Lab      | Killed a minotaur
 22815 | Lab      | Reached skill level 11 in Dodging
 23087 | Lair:2   | Got a fine flail
 23208 | Lair:1   | Identified the +10 flail of the Ecumenical Temple {freeze, rPois rC+ MR+} (You found it on level 2 of the Lair of Beasts)
 23800 | Lair:2   | Reached ****** piety under Lugonu
 24355 | Lair:3   | Learned a level 3 spell: Regeneration
 24417 | Lair:3   | Found a staircase to the Shoals.
 24465 | Lair:3   | Found a staircase to the Snake Pit.
 24672 | Lair:3   | Reached skill level 10 in Maces & Flails
 24948 | Lair:4   | Gained mutation: Your large and strong wings let you fly indefinitely. [Gargoyle growth]
 24948 | Lair:4   | Reached XP level 14. HP: 78/90 MP: 18/22
 24964 | Lair:4   | Noticed Harold
 24971 | Lair:4   | Killed Harold
 25392 | Lair:4   | You fall through a shaft!
 25613 | Lair:5   | Found a dark tunnel.
 25667 | Volcano  | Entered a volcano
 25774 | Volcano  | Found a burning altar of Makhleb.
 25775 | Volcano  | Noticed a red draconian
 25795 | Volcano  | Reached skill level 12 in Dodging
 25817 | Volcano  | Killed a red draconian
 26218 | Lair:5   | Found a staircase to the Slime Pits.
 27252 | Lair:6   | Entered Level 6 of the Lair of Beasts
 27747 | Lair:6   | Identified the Handbook of Flight and Confrontation
 27750 | Lair:6   | Got a bloodstained war axe
 27763 | Lair:6   | Identified the +7 war axe "Sucieg" {elec, *Slow rElec Int+7} (You found it on level 6 of the Lair of Beasts)
 27789 | Lair:6   | Slain by a komodo dragon

Vault maps used:
D:1:      ldierk_walled_garden, minmay_tetromino_s2
D:2:      nicolae_tso_swordbearing_angel, kiku_gazebo_pond_becter,
          marbit_many_paths, nicolae_ru_awakened_eye, first_ration,
          kennysheep_generic_room_9, uniq_jessica, uniq_terence
D:3:      gammafunk_temple_overflow_statue, nicolae_overflow_crystal_walls,
          gammafunk_temple_overflow_wave, elyvilon_altar_5, uniq_grinder,
          uniq_sigmund, uniq_ijyb
D:4:      serial_curves, eino_curves_02, eino_curves_02
D:5:      kennysheep_little_box, minmay_temple_entry_hall, serial_shops,
          kennysheep_mini, guppyfry_shop_venom, uniq_duvessa, uniq_pikel,
          uniq_prince_ribbit1
D:6:      dancing_weapons_uskayaw, lemuel_doored_altar
D:7:      serial_shops, shop, shop, nicolae_shop_temple_entry_statues_fountains,
          shop, shop
D:9:      dpeg_oklobed_lair, kennysheep_orc_monster_closet_entryway
D:10:     serial_shops, nicolae_shop_waterfront
D:12:     minmay_open_boxes_in_corner, uniq_fannar
D:13:     serial_shops, shop, nicolae_shop_trees, shop, nicolae_shop_crystal,
          david_nohive_1, uniq_nessos
Temple:   eino_temple_lava
Lair:1:   st_stairs_8, lemuel_fruit_tree
Lair:2:   lab_entry_generic, serial_bayou_shore_a
Lair:3:   shoals_dummy_entry, minmay_snake_entry_guardpost_small
Lair:4:   beast_lair_carwin_1, infiniplex_staircase_pool_2, grunt_megastairs_2,
          uniq_harold
Lair:5:   minmay_slime_entry_oklob_open, nicolae_volcano_entry_vermiform,
          grunt_megastairs_1, serial_bayou_shore_b
Lair:6:   gammafunk_lair_ancient_temple
Orc:1:    basic_altar
Orc:2:    grunt_orc_gardens, grunt_orc_garden, grunt_orc_garden,
          grunt_orc_garden, grunt_orc_garden
Lab:      labyrinth_spiral, nicolae_lab_starburst
Volcano:  kennysheep_volcano_temple

Skill      XL: |  1  2  3  4  5  6  7  8  9 10 11 12 13 14 |
---------------+-------------------------------------------+-----
Dodging        | 1 2 3 4 5 6 8 9 10 11 12 | 12.4
Armour         | 3 4 5 6 7 8 9 10 11 | 11.6
Fighting       | 4 5 6 7 9 10 11 | 11.8
Maces & Flails | 3 4 6 7 8 9 10 | 10.7
Invocations    | 3 4 5 6 7 8 9 10 11 | 11.5
Evocations     | 1 |  1.3

Action                   |  1- 3 |  4- 6 |  7- 9 | 10-12 | 13-15 || total
-------------------------+-------+-------+-------+-------+-------++-------
Melee: Mace              |   103 |   208 |   169 |       |       ||   480
       Whip              |       |       |   479 |  1723 |       ||  2202
       Dire flail        |       |       |       |   216 |   280 ||   496
       War axe           |       |       |       |    72 |       ||    72
       Flail             |       |       |       |       |   579 ||   579
Invok: Depart the Abyss  |     1 |       |       |       |       ||     1
       Banish            |       |       |       |    10 |     3 ||    13
 Abil: Fly               |       |       |       |       |     1 ||     1
       Stop Flying       |       |       |       |       |     1 ||     1
  Use: Scroll            |       |     5 |     6 |    10 |     7 ||    28
       Potion            |       |       |     1 |     3 |     4 ||     8
 Stab: Distracted        |       |     1 |       |       |       ||     1
       Invisible         |       |       |       |       |     3 ||     3
  Eat: Chunk             |     1 |     6 |    15 |    46 |    44 ||   112
       Ration            |       |       |       |     4 |       ||     4
Armor: Leather armour    |    69 |    51 |       |       |       ||   120
       Scale mail        |       |    72 |   405 |   910 |   439 ||  1826
       Ring mail         |       |       |       |    18 |       ||    18
       Skin              |       |       |       |       |    21 ||    21
Dodge: Dodged            |   113 |   150 |   423 |  1361 |   674 ||  2721
Block: Buckler           |       |       |     1 |       |       ||     1

Table legend:
 A = Spawn XP
 B = Non-spawn XP
 C = Spawn XP percentage of total XP
 D = Spawn monster count
 E = Non-spawn monster count
 F = Spawn count percentage of total count
 G = Total turns spent on level
                    A         B        C        D         E        F      G
               +---------+---------+-------+---------+---------+-------+---------
         Total |       0 |   79283 |   0.0 |       0 |     548 |   0.0 | 27789
               +---------+---------+-------+---------+---------+-------+---------
           D:1 |       0 |      73 |   0.0 |       0 |      29 |   0.0 |  1333
           D:2 |       0 |     479 |   0.0 |       0 |      31 |   0.0 |  1356
           D:3 |       0 |     374 |   0.0 |       0 |      25 |   0.0 |   769
           D:4 |       0 |     462 |   0.0 |       0 |      18 |   0.0 |  1293
           D:5 |       0 |    1844 |   0.0 |       0 |      17 |   0.0 |  1169
           D:6 |       0 |     394 |   0.0 |       0 |      11 |   0.0 |   810
           D:7 |       0 |    1461 |   0.0 |       0 |      26 |   0.0 |  1380
           D:8 |       0 |     941 |   0.0 |       0 |      12 |   0.0 |  1319
           D:9 |       0 |    2714 |   0.0 |       0 |      28 |   0.0 |  1930
          D:10 |       0 |    2926 |   0.0 |       0 |      37 |   0.0 |  1990
          D:11 |       0 |    6374 |   0.0 |       0 |      53 |   0.0 |  1433
          D:12 |       0 |    5348 |   0.0 |       0 |      39 |   0.0 |  2028
        Lair:1 |       0 |    3877 |   0.0 |       0 |      17 |   0.0 |  1500
        Lair:2 |       0 |    6156 |   0.0 |       0 |      25 |   0.0 |  1133
        Lair:3 |       0 |    4385 |   0.0 |       0 |      19 |   0.0 |   571
        Lair:4 |       0 |    6496 |   0.0 |       0 |      23 |   0.0 |   797
        Lair:5 |       0 |    6263 |   0.0 |       0 |      24 |   0.0 |  1045
        Lair:6 |       0 |    7406 |   0.0 |       0 |      25 |   0.0 |   537
         Orc:1 |       0 |    6034 |   0.0 |       0 |      47 |   0.0 |  2773
         Orc:2 |       0 |    7449 |   0.0 |       0 |      33 |   0.0 |  1670
           Lab |       0 |    1223 |   0.0 |       0 |       1 |   0.0 |   380
       Volcano |       0 |    6604 |   0.0 |       0 |       8 |   0.0 |   349
               +---------+---------+-------+---------+---------+-------+---------
